 Dungeon Crawl Stone Soup version 0.28.0-53-g5a82cb258f (webtiles) character file.

Game seed: 10738188712191108388

639 jamesblauser the Cudgeller (level 7, -11/61 HPs)
             Began as a White Draconian Berserker on Nov 5, 2022.
             Was a Follower of Trog.
             Killed by divine providence
             ... invoked by an orc priest
              (13 damage)
             ... on level 5 of the Dungeon.
             The game lasted 00:28:56 (3989 turns).

jamesblauser the Cudgeller (DrBe)                   Turns: 3989, Time: 00:29:01

Health: -11/61     AC:  6    Str: 19    XL:     7   Next: 25%
Magic:  7/7        EV: 17    Int: 10    God:    Trog [*.....]
Gold:   146        SH:  0    Dex: 10    Spells: 6/6 levels left

rFire   . . .      SeeInvis .   a - +0 mace
rCold   + . .      Faith    .   (no shield)
rNeg    . . .      Spirit   .   (armour unavailable)
rPois   .          Reflect  .   (helmet restricted)
rElec   .          Harm     .   (no cloak)
rCorr   .          Rampage  .   (no gloves)
Will    .....                   (no boots)
Stlth   +.........              (no amulet)
HPRegen 0.20/turn               d - +4 ring of evasion
MPRegen 0.10/turn               (no ring)

@: no status effects
A: breathe frost, AC +6, unfitting armour, cold resistance 1, cold-blooded
a: Breathe Frost, Renounce Religion, Berserk


You were on level 5 of the Dungeon.
You worshipped Trog.
Trog was aware of your devotion.
You visited 1 branch of the dungeon, and saw 5 of its levels.

You collected 146 gold pieces.

Inventory:

Hand Weapons
 a - a +0 mace (weapon)
 e - a +6 rapier of draining
Jewellery
 d - a +4 ring of evasion (left hand)
Scrolls
 b - 2 scrolls of teleportation
 f - a scroll of fog
Potions
 c - a potion of heal wounds


   Skills:
 + Level 5.1 Fighting
 + Level 6.3 Maces & Flails
 + Level 4.5 Dodging
 + Level 0.9 Stealth


You had 6 spell levels left.
You didn't know any spells.
Your spell library was empty.

Dungeon Overview and Level Annotations

Branches:
Dungeon (5/15)
 Temple: D:4-7

Altars:
Cheibriados


Innate Abilities, Weirdness & Mutations

You can breathe waves of freezing cold which knock back foes.
Your icy white scales are hard. (AC +6)
You cannot fit into any form of body armour.
Your flesh is cold resistant. (rC+)
You are cold-blooded and may be slowed by cold attacks.


Message History

Okay, then.
An orc priest and 2 orcs come into view.
The orc priest shouts!
You hear a shout!
The orc shouts!
You hear a shout!
An orc comes into view. It is wielding a +0 hand axe.
Okay, then.
The orc priest invokes the aid of Beogh against you.
Beogh smites you!
* * * LOW HITPOINT WARNING * * *
An orc wizard comes into view. It is wielding a +0 dagger.
The orc priest mumbles some strange prayers to Beogh against you.
Beogh smites you!
* * * LOW HITPOINT WARNING * * *
You barely miss the orc. The orc closely misses you.
Found 11 stones.
The orc closely misses you.
The orc wizard mumbles some strange words.
The orc wizard flickers and vanishes!
Deactivating autopickup; reactivate with Ctrl-A.
Aiming: Breathe Frost (5% risk of failure)
Press: ? - help, Shift-Dir - straight line, f - orc priest
Aim: an orc priest, wielding a +0 hand axe and wearing a +0 leather armour (68% to hit)
You exhale a wave of freezing cold.
The freezing breath misses the orc priest.
You hit the orc.
The orc is moderately wounded.
The orc closely misses you.
You closely miss the orc. You hit the orc. You tail-slap the orc.
You kill the orc!
Trog accepts your kill. The orc misses you.
You hit the orc but do no damage. You hit something but do no damage.
You hit something.
Your tail-slap misses something.
You have got your breath back.
Something hits you.
* * * LOW HITPOINT WARNING * * *
The orc priest mumbles some strange prayers to Beogh against you.
Beogh smites you!
You die...

##.# ##...#
##.....##
#.......#
#.......#
#.......#
#......##
#.....o######..#
###...o{@....(.#
#...o#######.#
#.#.## #.#.#
#.#.# #.#.#
#.#.# #.#.#
#.#.#


You could see an orc priest and 2 orcs.

Vanquished Creatures
  Eustachio (D:5)
  A phantom (D:5)
  A scorpion (D:4)
  A gnoll shaman (D:5)
  A hound (D:4)
  A jelly (D:4)
  A bullfrog skeleton (D:4)
  An orc wizard (D:3)
  2 hound skeletons
  4 gnolls (D:5)
  6 adders
  2 worms
  A dart slug (D:3)
  11 orcs
  6 bats
  6 endoplasms
  4 giant cockroaches
  10 goblins
  6 hobgoblins
  4 jackals (D:1)
  5 quokkas
  11 ball pythons
  4 frilled lizards
  2 kobolds
  4 rats
96 creatures vanquished.

Vanquished Creatures (others)
  13 plants (D:1)
13 creatures vanquished.

Grand Total: 109 creatures vanquished

Notes
Turn   | Place    | Note
-------+----------+-------------------------------------------
     0 | D:1      | jamesblauser the Draconian Berserker began the quest for
                  | the Orb.
     0 | D:1      | Reached XP level 1. HP: 19/19 MP: 1/1
   323 | D:1      | Reached XP level 2. HP: 26/26 MP: 2/2
   653 | D:1      | Found a faded altar of an unknown god.
   991 | D:1      | Reached XP level 3. HP: 25/33 MP: 3/3
  1072 | D:2      | Reached ** piety under Trog
  1527 | D:2      | Reached skill level 4 in Maces & Flails
  1623 | D:2      | Found a snail-covered altar of Cheibriados.
  1633 | D:2      | Reached XP level 4. HP: 40/40 MP: 4/4
  2596 | D:3      | Reached XP level 5. HP: 37/46 MP: 5/5
  3077 | D:4      | Reached skill level 5 in Maces & Flails
  3232 | D:4      | Reached XP level 6. HP: 23/53 MP: 6/6
  3706 | D:5      | Entered Level 5 of the Dungeon
  3754 | D:5      | Noticed Eustachio
  3799 | D:5      | Reached skill level 6 in Maces & Flails
  3852 | D:5      | Killed Eustachio
  3853 | D:5      | Reached skill level 5 in Fighting
  3853 | D:5      | Your scales start taking on an icy white colour.
  3853 | D:5      | Reached XP level 7. HP: 39/61 MP: 7/7
  3853 | D:5      | Gained mutation: Your flesh is cold resistant. (rC+) [White
                  | Draconian growth]
  3977 | D:5      | HP: 2/61 [orc priest/divine providence (11)]
  3989 | D:5      | HP: 2/61 [something (2)]
  3989 | D:5      | Killed from afar by an orc priest

Illustrated notes

Levels and vault maps discovered:
D:1:      beargit_arrival_diablo_church, layout_basic,
          shapermc_ecumenical_altar_mp_highgroup, serial_bayou_pond_c, hex_large
D:2:      layout_loops_ring, basic_altar
D:3:      layout_basic
D:4:      layout_loops_ring
D:5:      layout_loops_ring, mainiacjoe_overflow_tiny_flanked,
          biasface_ghost_orc_armoury, lightli_minifort, uniq_menkaure,
          uniq_eustachio

Skill      XL: |  1  2  3  4  5  6 |
---------------+-------------------+-----
Dodging        | 3 4 |  4.5
Maces & Flails | 4 5 6 |  6.3
Fighting       | 4 5 |  5.1
Stealth        | |  0.9

Action                   |  1- 3 |  4- 6 |  7- 9 || total
-------------------------+-------+-------+-------++-------
Melee: Mace              |   172 |   240 |    29 ||   441
       Tailslap          |    23 |    33 |     3 ||    59
       Punch             |     1 |     2 |       ||     3
Invok: Trog's Hand       |     3 |     8 |     2 ||    13
       Berserk           |       |     4 |       ||     4
 Abil: Breathe Frost     |       |       |     1 ||     1
  Use: Scroll            |     5 |     5 |       ||    10
       Potion            |     3 |     3 |       ||     6
 Stab: Sleeping          |       |     1 |       ||     1
Armor: Skin              |    87 |    67 |     1 ||   155
Dodge: Dodged            |   153 |   216 |    15 ||   384
